 Dungeon Crawl Stone Soup version 0.28.0-53-g5a82cb258f (webtiles) character file.

Game seed: 7338558917321611224

2624 unlimited1921 the Thaumaturge (level 9, -1/56 HPs)
             Began as a Djinni Fire Elementalist on July 6, 2022.
             Killed from afar by Harold (2 damage)
             ... with an iceblast
             ... on level 7 of the Dungeon.
             The game lasted 00:33:22 (12360 turns).

unlimited1921 the Thaumaturge (DjFE)               Turns: 12360, Time: 00:33:26

Health: -1/56      AC:  9    Str:  7    XL:     9   Next: 91%
Gold:   221        EV:  6    Int: 21    God:
                   SH:  0    Dex: 17

rFire   + + .      SeeInvis .   s - +2 rapier (venom)
rCold   x x .      Faith    .   (no shield)
rNeg    + . .      Spirit   .   g - +0 leather armour
rPois   ∞          Reflect  .   n - +0 helmet
rElec   .          Harm     .   G - +2 cloak "Siphen" {rC- rN+ Dex+3}
rCorr   .          Rampage  .   r - +0 pair of gloves
Will    .....                   (boots unavailable)
Stlth   ++........              (no amulet)
HPRegen 0.18/turn               (no ring)
MPRegen 0.00/turn               (no ring)

@: marked, flying, held, slowed, very slow
A: sickness immunity, fire resistance 2, cold vulnerability 1, float, innate
caster, HP casting, extra vitality 1
a: no special abilities


You were on level 7 of the Dungeon.
You visited 1 branch of the dungeon, and saw 7 of its levels.

You collected 260 gold pieces.
You spent 39 gold pieces at shops.

Inventory:

Hand Weapons
 d - a +2 dagger of venom
 s - a +2 rapier of venom (weapon)
 A - a +2 mace
 C - a +2 war axe
 D - a +4 hand axe
 H - a +1 whip of freezing
Missiles
 b - 95 stones
 v - 8 poisoned darts (quivered)
 y - 4 boomerangs
 B - 2 datura-tipped darts
 E - 11 bolts
Armour
 g - a +0 leather armour (worn)
 n - a +0 helmet (worn)
 p - a +0 ring mail
 r - a +0 pair of gloves (worn)
 G - the +2 cloak "Siphen" (worn) {rC- rN+ Dex+3}
   (You found it on level 6 of the Dungeon)

   Dex:       It affects your dexterity (+3).
   rC:        It makes you vulnerable to cold.
   rN:        It protects you from negative energy.
Wands
 i - a wand of flame (22)
 q - a wand of polymorph (2)
Scrolls
 e - a scroll of noise {unknown}
 f - a scroll of immolation {unknown}
 h - a scroll of fear {unknown}
 l - 2 scrolls of blinking {unknown}
 o - a scroll of enchant weapon {unknown}
 w - a scroll of fog {unknown}
Potions
 c - a potion of haste
 j - 3 potions of curing {unknown}
 k - a potion of resistance
 m - a potion of magic {unknown}
 t - a potion of mutation {unknown}
 u - a potion of degeneration {unknown}
 z - a potion of berserk rage {unknown}


   Skills:
 + Level 0.5 Fighting
 + Level 0.3 Short Blades
 + Level 3.8 Armour
 + Level 3.3 Dodging
 + Level 3.6 Stealth
 + Level 9.1 Spellcasting


You had 3 spell levels left.
You knew the following spells:

 Your Spells              Type           Power      Damage    Failure   Level
a - Foxfire               Conj/Fire      100%       2x1d9     1%          1
b - Scorch                Fire           94%        2d10      1%          2
c - Conjure Flame         Conj/Fire      47%        6-21      1%          3
d - Inner Flame           Hex/Fire       47%        N/A       1%          3
e - Flame Wave            Conj/Fire      47%        2d10      2%          4
f - Pain                  Necr           100%       1d9       1%          1
g - Static Discharge      Conj/Air       47%        N/A       1%          2
h - Ignite Poison         Fire/Tmut/Pois 47%        N/A       1%          3
i - Anguish               Hex/Necr       23%        N/A       2%          4
Your spell library was empty.

Dungeon Overview and Level Annotations

Branches:
Dungeon (7/15)
 Temple: D:4-7

Altars:
Hepliaklqana

Shops:
D:2 [*?   D:3 =   D:4 *

Annotations:
D:3 2 transporters, WANAX's ghost, amateur HOBe
D:7 Harold


Innate Abilities, Weirdness & Mutations

You are immune to sickness and miasma.
You are immune to poison.
Your flesh is very heat resistant. (rF++)
You are vulnerable to cold. (rC-)
You float through the air rather than walking.
You learn spells naturally, not from books.
Your magical power is your life essence.
You have superior vitality. (+4 MHP)


Message History

You conjure some foxfire!
The foxfire hits the wraith.
The wraith is heavily damaged.
The foxfire hits the wraith but does no damage.
The wraith is heavily damaged.
The wraith hits you!
The wraith is wracked by anguish!
Harold closely misses you.
Casting: Foxfire (safe; 1% risk of failure)
Confirm with . or Enter, or press ? or * to list all spells.
You conjure some foxfire!
The foxfire hits the wraith but does no damage.
The wraith is almost destroyed.
The foxfire hits the wraith but does no damage.
The wraith is almost destroyed.
The wraith hits you.
* * * LOW HITPOINT WARNING * * *
The wraith drains your vigour!
You feel as though you will be slow longer.
The wraith is wracked by anguish.
Harold drinks a potion.
Harold seems to speed up.
The wraith barely misses you.
Casting: Foxfire (safe; 1% risk of failure)
Confirm with . or Enter, or press ? or * to list all spells.
Flames lash the wraith.
You destroy the wraith!
* * * LOW HITPOINT WARNING * * *
The foxfire hits Harold but does no damage. x2
Harold hits you from afar with a +0 trident.
* * * LOW HITPOINT WARNING * * *
Harold is wracked by anguish.
Harold hits you from afar with a +0 trident.
* * * LOW HITPOINT WARNING * * *
Harold is wracked by anguish.
Your Spellcasting skill increases to level 9!
You struggle against the net.
Harold points at you and mumbles some strange words.
A sentinel's mark forms upon you.
Harold hits you from afar with a +0 trident!
* * * LOW HITPOINT WARNING * * *
Harold is wracked by anguish!
Harold zaps a wand.
The mass of ice explodes!
The iceblast engulfs you.
You die...

#############
##.....#.....#
##......<(.....
#.....(........
#......@.@.....
#.....§§.......
#.......(......
#..............
##.............
##.....#.....#
#######!#####
.#


You could see Harold (fast, anguished).

Vanquished Creatures
  Pikel (D:6)
  A wraith (D:7)
  Eustachio (D:4)
  Menkaure (D:4)
  A water moccasin (D:6)
  A sky beast (D:6)
  4 ogres
  A phantom (D:4)
  A lemure (D:6)
  2 scorpions (D:5)
  A water moccasin zombie (D:6)
  A water moccasin skeleton (D:5)
  5 wights (D:6)
  A centaur zombie (D:6)
  2 jellies (D:5)
  2 hounds
  3 orc priests
  3 bullfrog skeletons
  4 orc wizards
  Ijyb (D:3)
  Natasha (thrice) (D:2)
  A killer bee zombie (D:6)
  A hound skeleton (D:4)
  Robin (D:2)
  2 howler monkey skeletons
  7 adders
  3 gnolls (D:2)
  2 ufetubi (D:6)
  An adder skeleton (D:4)
  2 worms (D:3)
  A dart slug (D:1)
  15 orcs
  3 ball pythons
  6 bats
  4 endoplasms
  8 giant cockroaches
  19 goblins
  8 hobgoblins
  2 jackals (D:3)
  5 quokkas
  2 frilled lizards (D:1)
  5 kobolds
  3 rats
141 creatures vanquished.

Vanquished Creatures (others)
  2 white imps (D:6)
  An ufetubus (D:6)
  367 foxfires
370 creatures vanquished.

Grand Total: 511 creatures vanquished

Notes
Turn   | Place    | Note
-------+----------+-------------------------------------------
     0 | D:1      | unlimited1921 the Djinni Fire Elementalist began the quest
                  | for the Orb.
     0 | D:1      | Reached XP level 1. HP: 15/15 MP: 0/0
   532 | D:1      | Reached XP level 2. HP: 16/21 MP: 0/0
  1386 | D:1      | Reached skill level 3 in Spellcasting
  1860 | D:1      | Reached XP level 3. HP: 22/25 MP: 0/0
  1860 | D:1      | Learned a level 1 spell: Pain
  3006 | D:2      | Found a faded altar of an unknown god.
  3328 | D:2      | Reached XP level 4. HP: 21/31 MP: 0/0
  3578 | D:2      | Found Ivoyddog's Magic Scroll Boutique.
  3585 | D:2      | Bought a scroll of identify for 22 gold pieces
  3603 | D:2      | Found Byirchad's Assorted Antiques.
  3616 | D:2      | Noticed Robin
  3619 | D:2      | Killed Robin
  3871 | D:2      | Bought a coppery potion for 17 gold pieces
  3879 | D:2      | Reached XP level 5. HP: 32/35 MP: 0/0
  3879 | D:2      | Learned a level 2 spell: Static Discharge
  4071 | D:2      | Noticed Natasha
  4080 | D:2      | Killed Natasha
  4081 | D:2      | Reached skill level 4 in Spellcasting
  4175 | D:2      | Noticed Natasha
  4180 | D:2      | Killed Natasha
  4329 | D:2      | Noticed Natasha
  4335 | D:2      | Killed Natasha
  4726 | D:2      | Found Pebim's Antique Armour Shop.
  5069 | D:3      | Noticed an ogre
  5074 | D:3      | Killed an ogre
  5075 | D:3      | Reached XP level 6. HP: 35/40 MP: 0/0
  5131 | D:3      | Noticed an ogre
  5139 | D:3      | Killed an ogre
  5140 | D:3      | Reached skill level 1 in Armour
  5140 | D:3      | Reached skill level 5 in Spellcasting
  5521 | D:3      | Found a transporter.
  5526 | D:3      | Found a transporter.
  5526 | D:3      | Noticed WANAX's ghost (amateur HOBe)
  5526 | D:3      | Identified the +1 giant club "Otugrikh" {venom, *Rage rF++
                  | Dex+3 Stlth+}
  5526 | D:3      | Noticed an ogre
  5546 | D:3      | Reached XP level 7. HP: 44/45 MP: 0/0
  5546 | D:3      | Learned a level 3 spell: Ignite Poison
  6183 | D:3      | Noticed Ijyb
  6190 | D:3      | Killed Ijyb
  6436 | D:3      | Found Mide's Jewellery Shoppe.
  6799 | D:4      | Found Lonouk's Mass Market.
  6818 | D:4      | Found a glowing drain.
  7260 | D:4      | Noticed Menkaure
  7266 | D:4      | Killed Menkaure
  7267 | D:4      | Reached skill level 6 in Spellcasting
  7269 | D:4      | Noticed Eustachio
  7272 | D:4      | Killed Eustachio
  7273 | D:4      | Reached XP level 8. HP: 16/50 MP: 0/0
  8241 | D:5      | Entered Level 5 of the Dungeon
  8808 | D:5      | Reached skill level 7 in Spellcasting
  9495 | D:5      | Found a hazy altar of Hepliaklqana.
  9933 | D:6      | Reached XP level 9. HP: 40/55 MP: 0/0
  9933 | D:6      | Learned a level 4 spell: Anguish
 10930 | D:6      | Reached skill level 8 in Spellcasting
 11707 | D:6      | Identified the +2 cloak "Siphen" {rC- rN+ Dex+3}
 12006 | D:6      | Noticed Pikel
 12006 | D:6      | Killed Pikel
 12351 | D:7      | Noticed Harold
 12360 | D:7      | Reached skill level 9 in Spellcasting
 12360 | D:7      | HP: 1/56 [Harold/+0 trident (7)]
 12360 | D:7      | Killed from afar by Harold

Illustrated notes

Levels and vault maps discovered:
D:1:      dpeg_arrival_rhombus, layout_basic
D:2:      layout_rooms, serial_shops, shop, shop, shop,
          shapermc_ecumenical_altar_ellora, minmay_misc_feat_iff, uniq_natasha,
          uniq_robin
D:3:      cheibrodos_helix_gallery, layout_basic, serial_shops,
          nicolae_shop_behind_doors, gammafunk_ghost_smash, wad_floor_pattern_1,
          corexii_leaking_fountain, uniq_ijyb
D:4:      wad_pebble_path, layout_basic, gup_sewer_entry_glass,
          minmay_shop_mass, grunt_ministairs_3, uniq_eustachio, uniq_menkaure
D:5:      layout_basic, nzn_hepliaklqana_mist_gate
D:6:      layout_layer_cave, minmay_door_square, chequers_serial_rivers_room_a,
          minmay_statues_item, minmay_misc_feat_plants, uniq_grinder, uniq_pikel
D:7:      cheibrodos_steamvent, layout_rooms, minmay_temple_entry_tees,
          lightli_minifort, uniq_harold

Skill      XL: |  1  2  3  4  5  6  7  8  9 |
---------------+----------------------------+-----
Spellcasting   | 3 4 5 6 7 9 |  9.1
Stealth        | 2 3 |  3.6
Armour         | 1 2 3 |  3.8
Dodging        | 3 |  3.3
Fighting       | |  0.5
Short Blades   | |  0.3

Action                   |  1- 3 |  4- 6 |  7- 9 || total
-------------------------+-------+-------+-------++-------
Melee: Rapier            |       |       |     2 ||     2
 Cast: Foxfire           |    48 |    63 |   109 ||   220
       Scorch            |    15 |    22 |    27 ||    64
       Pain              |     1 |       |       ||     1
       Inner Flame       |       |     3 |    44 ||    47
       Anguish           |       |       |     8 ||     8
       Conjure Flame     |       |       |     1 ||     1
  Use: Scroll            |       |     1 |     3 ||     4
       Potion            |       |       |     1 ||     1
Armor: Robe              |     2 |       |       ||     2
       Leather armour    |     1 |       |    20 ||    21
Dodge: Dodged            |     7 |     1 |    29 ||    37
